 Dungeon Crawl Stone Soup version 0.28-a0-984-g3775c662fe (webtiles) character file.

Game seed: 4082630816039391327

12327 spiderkeys the Fighter (level 11, 0/98 (99) HPs)
             Began as a Barachi Abyssal Knight on Dec 3, 2021.
             Was an Elder of Lugonu.
             Slain by a wraith (9 damage)
             ... led by Josephine
             ... on level 11 of the Dungeon.
             The game lasted 00:33:41 (13342 turns).

spiderkeys the Fighter (Barachi Abyssal Knight)    Turns: 13342, Time: 00:33:41

HP:   0/98 (99)     AC:  8    Str: 13    XL:     11   Next: 91%
MP:   11/15         EV: 21    Int: 11    God:    Lugonu [****..]
Gold: 389           SH:  5    Dex: 21    Spells: 6/12 levels left

rFire   + . .      SeeInvis +   M - +5 trident (flame)
rCold   . . .      Faith    .   C - +0 buckler
rNeg    . . .      Spirit   .   c - +0 leather armour
rPois   +          Reflect  .   (no helmet)
rElec   +          Harm     .   N - +2 cloak of the Saviour {rPois Dex+5 SInv}
rCorr   .          Rampage  .   e - +0 pair of gloves
Will    .....                   r - +0 pair of boots
Stlth   ++........              A - amulet of the acrobat
HPRegen 0.26/turn               E - +4 ring of evasion
MPRegen 0.14/turn               y - ring of Mistrust {Wiz rElec rF+ Str-2}

@: unable to hop, slowed, lightly drained, invisible, very slow
A: amphibious, slowness 1, strong legs 1, +LOS, low mp 1, robust 1, electricity
resistance, devolution 1
a: Hop, Renounce Religion, Depart the Abyss, Bend Space, Banish, Corrupt


You were on level 11 of the Dungeon.
You worshipped Lugonu.
Lugonu was greatly pleased with you.
You visited 1 branch of the dungeon, and saw 11 of its levels.
You visited the Abyss 1 time.

You collected 641 gold pieces.
You spent 252 gold pieces at shops.


Innate Abilities, Weirdness & Mutations

You are amphibious.
You cover ground slowly.
You can hop short distances.
You have an extended range of vision and can be seen from far away.
Your magical capacity is low. (-10% MP)
You are robust. (+10% HP)
You are resistant to electric shocks. (rElec)
You have hidden genetic defects.


   Skills:
 - Level 10.0 Fighting
 - Level 3.4 Long Blades
 * Level 5.5 Polearms
 - Level 8.0 Slings
 - Level 2.4 Armour
 + Level 9.0 Dodging
 + Level 2.0 Shields
 - Level 1.1 Spellcasting
 + Level 3.7 Conjurations
 - Level 4.0 Air Magic
 - Level 5.0 Poison Magic
 + Level 7.7 Invocations


You had 6 spell levels left.
You knew the following spells:

 Your Spells              Type           Power      Damage    Failure   Level
m - Mephitic Cloud        Conj/Pois/Air  9%         N/A       11%         3
w - Stone Arrow           Conj/Erth      8%         3d7       28%         3

Your spell library contained the following spells:

 Spells                   Type           Power      Damage    Failure   Level
 Magic Dart               Conj           32%        1d4       4%          1
 Corpse Rot               Necr/Air       10%        N/A       14%         2
 Beastly Appendage        Tmut           0%         N/A       21%         1
 Summon Small Mammal      Summ           0%         N/A       21%         1
 Spider Form              Tmut/Pois      6%         N/A       22%         3
 Call Imp                 Summ           0%         N/A       30%         2
 Wereblood                Tmut           0%         N/A       30%         2
 Call Canine Familiar     Summ           0%         N/A       50%         3
 Gell's Gravitas          Tloc           0%         N/A       50%         3
 Summon Guardian Golem    Hex/Summ       0%         N/A       50%         3
 Teleport Other           Tloc           0%         N/A       50%         3
 Animate Armour           Summ/Erth      0%         N/A       87%         4
 Dispel Undead            Necr           0%         3d6       87%         4
 Passage of Golubria      Tloc           0%         N/A       87%         4
 Silence                  Hex/Air        2%         N/A       91%         5
 Death Channel            Necr           0%         N/A       100%        6
 Dispersal                Tloc           0%         N/A       100%        6
 Lehudib's Crystal Spear  Conj/Erth      2%         10d2      100%        8

Inventory:

Hand Weapons
 a - a +2 trident of distortion
   (You took it off a gnoll sergeant on level 9 of the Dungeon)
 b - the +5 hunting sling "Tastryer" {flame, rC- Will+ rCorr Int+4 Dex+4}
   (You found it on level 2 of the Abyss)

   Any ammunition fired from it burns those it strikes, dealing additional fire
   damage.
   Int:       It affects your intelligence (+4).
   Dex:       It affects your dexterity (+4).
   rC:        It makes you vulnerable to cold.
   rCorr:     It protects you from acid and corrosion.
   Will:      It increases your willpower.
 g - a +2 hand axe of electrocution
   (You found it on level 6 of the Dungeon)
 M - a +5 trident of flaming (weapon)
   (You took it off a gnoll sergeant on level 9 of the Dungeon)
Missiles
 d - 121 stones
 l - 202 arrows
 s - 99 poisoned darts
 z - 6 curare-tipped darts {=f}
 F - 6 javelins
 H - 32 bolts
Armour
 c - a +0 leather armour (worn)
 e - a +0 pair of gloves (worn)
   (You found it on level 1 of the Dungeon)
 r - a +0 pair of boots (worn)
   (You found it on level 3 of the Dungeon)
 C - a +0 buckler (worn)
   (You took it off a gnoll sergeant on level 9 of the Dungeon)
 L - a +1 helmet
   (You found it on level 9 of the Dungeon)
 N - the +2 cloak of the Saviour (worn) {rPois Dex+5 SInv}
   (You found it on level 10 of the Dungeon)

   Dex:       It affects your dexterity (+5).
   rPois:     It protects you from poison.
   SInv:      It lets you see invisible.
Jewellery
 y - the ring of Mistrust (right hand) {Wiz rElec rF+ Str-2}
   (You acquired it on level 10 of the Dungeon)

   [ring of wizardry]

   It improves your spell success rate.
   Str:       It affects your strength (-2).
   rF:        It protects you from fire.
   rElec:     It insulates you from electricity.
 A - an amulet of the acrobat (around neck)
   (You found it on level 9 of the Dungeon)
 E - a +4 ring of evasion (left hand)
   (You found it on level 5 of the Dungeon)
Wands
 f - a wand of flame (29)
   (You found it on level 10 of the Dungeon)
 x - a wand of digging (5)
   (You found it on level 5 of the Dungeon)
 B - a wand of acid (7)
   (You found it on level 6 of the Dungeon)
 G - a wand of iceblast (5)
   (You found it on level 10 of the Dungeon)
 O - a wand of charming (4)
   (You took it off Urug on level 11 of the Dungeon)
 P - a wand of mindburst (5)
   (You found it on level 11 of the Dungeon)
Scrolls
 h - 11 scrolls of teleportation {@r4}
 j - a scroll of identify {@r1}
 k - a scroll of amnesia
 t - a scroll of immolation {!r!r}
 D - 2 scrolls of enchant armour {unknown}
 I - 2 scrolls of silence {!r}
 K - a scroll of noise {unknown}
Potions
 i - 3 potions of lignification {!q}
 m - 2 potions of berserk rage {!q}
 o - 3 potions of might
 p - a potion of ambrosia
 q - 3 potions of degeneration {!q}
 u - 2 potions of haste {@q3}
 v - a potion of resistance
 w - 4 potions of curing {@q1}
Miscellaneous
 Q - a box of beasts
   (You found it on level 11 of the Dungeon)

Dungeon Overview and Level Annotations

Branches:
Dungeon (11/15)            Temple (0/1) D:7            Lair (0/6) D:10
    Orc (0/2) D:9

Altars:
Ashenzari
Elyvilon
Fedhas
Gozag
Hepliaklqana
Makhleb
Nemelex Xobeh
Okawaru
Trog
Vehumet
Wu Jian

Shops:
D:7 :

Annotations:
D:7 4 runed translucent doors
Abyss:1 Josephine

#.......................#
#.......................#
#.........W.....†.......#
##........####(##......#######
#.........# #(##......##....#
#.........# #.##......##....#
#........W####.##......##....#
#...........##.##......##....#
#.........#.##@########......#
#.####.#(.#.##W# #.#....# #.
#.#....##W#### #.#....#
#.#..........# #.#....#
.............# #.#....#
..((.........# #.####.#
..............# #.# #.#
.....########## #.# #.#
......# #.# #.#


You could see 2 wraiths.


Message History

You barely miss Josephine.
You are ready to hop once more.
Josephine hits you with a +4 dagger.
* * * LOW HITPOINT WARNING * * *
😨 HP[-4]
You take 4 damage, and now have 39/86 hp.
You puncture Josephine!
Space warps around Josephine.
Josephine gestures at you while chanting.
The ghostly flame explodes!
The ghostly fireball engulfs you!!
You feel drained.
* * * LOW HITPOINT WARNING * * *
The ghostly fireball engulfs Josephine.
Josephine completely resists. 😱 HP[-25]
You now have 82 max hp (-4).
You take 25 damage, and now have 14/82 hp.
MASSIVE DAMAGE!! (PAUSE)
You hit Josephine.
Space warps around Josephine.
Josephine hits you with a +4 dagger.
* * * LOW HITPOINT WARNING * * *
You closely miss Josephine. Josephine completely misses you.
The wraith hits you but does no damage.
Okay, then.
Okay, then.
Press: ? - help, Shift-Dir - straight line, f - Josephine
Aim: Josephine, wielding a +4 dagger and wearing a +0 robe (severely wounded, chance to affect: 55%) Josephine is devoured by a tear in reality.
Lugonu claims a new guest.
The wraith hits you.
* * * LOW HITPOINT WARNING * * *
The wraith drains your vigour!
You feel yourself slow down.
Training target 5.0 for Poison Magic reached!
Your Dodging skill increases to level 9!
Your Shields skill increases to level 2!
Your Poison Magic skill increases to level 5! 😱 HP[-2] MP[-4]
You now have 89 max hp (+7).
You lost 4 mp, and now have 12/16 mp.
Hop to where?
Press: ? - help, Dir - move target Boing!
A wraith comes into view.
The wraith moves out of view. 😱 HP[+1] It was a potion of mutation.
You feel extremely strange. A pair of antennae grows on your head!
Your +1 helmet falls away!
You feel a hidden malignance growing inside you.
You feel yourself wasting away.
Really quaff
n - a potion of mutation {!q}?
Really quaff the potion of mutation?
You feel extremely strange. The antennae on your head shrink away.
You feel healthier.
You feel insulated.
You feel less energetic.
You feel robust.
You now have 98 max hp (+9).
It was a potion of invisibility.
You fade into invisibility! 😱 HP[+1] MP[+1]
You hit the wraith but do no damage.
Space warps around the wraith.
You block the wraith's attack. The wraith hits you.
* * * LOW HITPOINT WARNING * * *
The wraith drains your vigour!
You feel as though you will be slow longer. 😱 HP[-1]
You take 1 damage, and now have 13/98 hp.
Space bends around you!
You blink.
You block the wraith's attack. 😱 HP[-2] MP[-1]
You take 2 damage, and now have 11/98 hp.
You lost 1 mp, and now have 12/15 mp.
Space bends around you!
You blink. 😱 HP[-1] MP[-1]
You take 1 damage, and now have 10/98 hp.
You lost 1 mp, and now have 11/15 mp.
Unknown command.
Space bends around you!
You blink. 😱 HP[-2] MP[-1]
You take 2 damage, and now have 8/98 hp.
You lost 1 mp, and now have 10/15 mp. 😱 HP[+1] MP[+1]
Okay, then.
Lugonu absorbs the residual spatial distortion as you unwield your weapon.
Your +5 trident of flaming bursts into flame!
M - a +5 trident of flaming (weapon)
The wraith misses you.
You hit the wraith. You burn the wraith. The wraith hits you.
* * * LOW HITPOINT WARNING * * *
The wraith drains your vigour!
You feel as though you will be slow longer.
The wraith completely misses you. 😱 HP[-1]
You take 1 damage, and now have 8/98 hp.
Your leather armour prevents you from hitting the wraith.
You block the wraith's attack. 😱 HP[+1]
You hit the wraith. You burn the wraith. The wraith barely misses you.
The wraith hits you!
You die...

Skill      XL: |  1  2  3  4  5  6  7  8  9 10 11 |
---------------+----------------------------------+-----
Invocations    | 2 3 4 5 6 7 |  7.7
Slings         | 1 3 5 6 8 |  8.0
Fighting       | 4 5 6 8 9 10 | 10.0
Long Blades    | 3 |  3.4
Dodging        | 2 3 4 5 6 8 9 |  9.0
Conjurations   | 1 3 |  3.7
Spellcasting   | 1 |  1.1
Air Magic      | 4 |  4.0
Poison Magic   | 3 5 |  5.0
Polearms       | 1 5 |  5.5
Shields        | 2 |  2.0
Armour         | |  2.4

Action                   |  1- 3 |  4- 6 |  7- 9 | 10-12 || total
-------------------------+-------+-------+-------+-------++-------
Melee: Falchion          |    38 |    73 |       |       ||   111
       Mace              |    43 |       |       |       ||    43
       Hand axe          |       |       |    25 |    41 ||    66
       Trident           |       |       |       |   102 ||   102
 Fire: Hunting sling     |    18 |    56 |   258 |   420 ||   752
Invok: Depart the Abyss  |     1 |       |       |       ||     1
       Bend Space        |       |       |     3 |     7 ||    10
       Banish            |       |       |       |     2 ||     2
 Abil: Hop               |     2 |     3 |     4 |     6 ||    15
Evoke: Wand              |       |       |       |     3 ||     3
  Use: Scroll            |     2 |     7 |     1 |     8 ||    18
       Potion            |     1 |     1 |       |     6 ||     8
Armor: Leather armour    |    34 |    37 |    23 |    59 ||   153
Dodge: Dodged            |    62 |    67 |    78 |   302 ||   509
Block: Buckler           |       |       |       |    32 ||    32

Levels and vault maps discovered:
D:1:      lightli_arrival_statue_moat, layout_basic
D:2:      layout_loops_cross, basic_ecumenical_altar, uniq_sigmund, uniq_robin
D:3:      layout_loops_ring, uniq_crazy_yiuf_cottage, uniq_jessica, uniq_natasha
D:4:      layout_rooms, mainiacjoe_overflow_boulevard, fedhas_altar_1
D:5:      layout_loops_ring, uniq_blork_the_orc
D:6:      layout_basic, grunt_ministairs_14, minmay_misc_feat_nine_boxes,
          minmay_misc_feat_square, serial_bayou_pond_b
D:7:      lemuel_bear_cage, layout_basic, minmay_temple_entry_tees,
          serial_shops, shop_statue
D:8:      layout_basic, grunt_temple_overflow_open, lemuel_tele_altar,
          lightli_minifort
D:9:      layout_gridville, kennysheep_orc_monster_closet_entryway
D:10:     kennysheep_spiral_hall, layout_basic,
          mainiacjoe_overflow_cross_hatched, grunt_lair_entry_orc_guard_hut,
          minmay_statue_bubble
D:11:     layout_basic, chequers_decorated_corner, zin_scriptorium,
          uniq_josephine, uniq_urug

Notes
Turn   | Place    | Note
-------+----------+-------------------------------------------
     0 | Abyss:1  | spiderkeys the Barachi Abyssal Knight began the quest for
                  | the Orb.
     0 | Abyss:1  | Reached XP level 1. HP: 18/18 MP: 2/2
     0 | Abyss:1  | magus.rc [v1.9.10]
    16 | Abyss:2  | Found a corrupted altar of Lugonu.
    20 | Abyss:2  | Identified the +5 hunting sling "Tastryer" {flame, rC-
                  | Will+ rCorr Int+4 Dex+4}
    22 | Abyss:2  | Noticed a mana viper
    22 | D:1      | You pass through the gate.
    22 | D:1      | Escaped the Abyss
   169 | D:1      | Reached * piety under Lugonu
   513 | D:1      | Reached XP level 2. HP: 24/25 MP: 3/3
  1135 | D:1      | Reached skill level 2 in Invocations
  1135 | D:1      | Reached XP level 3. HP: 26/28 MP: 4/4
  1211 | D:2      | Reached skill level 1 in Slings
  1244 | D:2      | Reached skill level 4 in Fighting
  1332 | D:2      | Reached skill level 3 in Long Blades
  1533 | D:2      | You pick up a book of Armaments and begin reading...
  1533 | D:2      | You add the spells Stone Arrow, Animate Armour and
                  | Lehudib's Crystal Spear to your library.
  1573 | D:2      | Noticed Robin
  1592 | D:2      | Reached XP level 4. HP: 14/37 MP: 5/5
  1849 | D:2      | Reached skill level 2 in Dodging
  1943 | D:2      | Found a faded altar of an unknown god.
  2016 | D:2      | Noticed Sigmund
  2061 | D:1      | Killed Robin
  2436 | D:2      | Learned a level 3 spell: Stone Arrow
  2467 | D:3      | You add the spells Gell's Gravitas, Teleport Other and
                  | Dispersal to your library.
  2600 | D:3      | Reached ** piety under Lugonu
  2815 | D:3      | HP: 9/37 [hobgoblin (3)]
  2816 | D:3      | HP: 3/37 [white imp/puff of frost (6)]
  3068 | D:3      | Noticed Natasha
  3071 | D:3      | Killed Natasha
  3072 | D:3      | Reached XP level 5. HP: 43/43 MP: 6/6
  3175 | D:3      | Reached skill level 2 in Slings
  3247 | D:3      | Noticed Jessica
  3249 | D:3      | Killed Jessica
  3344 | D:3      | Found a runed translucent door.
  3345 | D:3      | Noticed Crazy Yiuf
  3453 | D:4      | Noticed a wyvern
  3453 | D:4      | Found a blossoming altar of Fedhas.
  3460 | D:4      | Killed a wyvern
  3461 | D:4      | Reached skill level 3 in Slings
  3461 | D:4      | Reached skill level 3 in Dodging
  3461 | D:4      | Reached XP level 6. HP: 37/50 MP: 6/8
  3599 | D:4      | Found a sparkling altar of Nemelex Xobeh.
  3614 | D:4      | Reached skill level 3 in Invocations
  3745 | D:4      | Reached skill level 5 in Fighting
  3777 | D:4      | You pick up a book of Callings and begin reading...
  3777 | D:4      | You add the spells Summon Small Mammal, Call Canine
                  | Familiar and Summon Guardian Golem to your library.
  3890 | D:5      | Entered Level 5 of the Dungeon
  3890 | D:5      | Noticed a black bear
  3894 | D:5      | Killed a black bear
  3895 | D:5      | Reached XP level 7. HP: 56/56 MP: 9/9
  3897 | D:5      | You pick up a book of Decay and begin reading...
  3897 | D:5      | You add the spells Corpse Rot, Dispel Undead and Death
                  | Channel to your library.
  4034 | D:5      | Reached *** piety under Lugonu
  4087 | D:5      | Reached skill level 4 in Slings
  4146 | D:5      | You pick up a book of Callings and begin reading...
  4252 | D:5      | Noticed Blork the orc
  4260 | D:5      | Killed Blork the orc
  4347 | D:5      | Reached skill level 4 in Dodging
  4657 | D:2      | Killed Sigmund
  4658 | D:2      | Reached skill level 6 in Fighting
  4658 | D:2      | Reached skill level 5 in Slings
  4658 | D:2      | Reached XP level 8. HP: 57/64 MP: 10/10
  4722 | D:3      | Noticed Natasha
  4724 | D:3      | Killed Natasha
  4725 | D:3      | Reached skill level 4 in Invocations
  4779 | D:3      | Killed Crazy Yiuf
  4899 | D:3      | Noticed Natasha
  4903 | D:3      | Killed Natasha
  4945 | D:6      | Noticed a two-headed ogre
  5341 | D:6      | Reached skill level 6 in Slings
  5341 | D:6      | Reached skill level 5 in Dodging
  5775 | D:6      | Reached XP level 9. HP: 69/71 MP: 12/12
  5782 | D:6      | Reached skill level 7 in Fighting
  5999 | D:6      | Killed a two-headed ogre
  6000 | D:6      | Reached skill level 7 in Slings
  6000 | D:6      | Reached skill level 6 in Dodging
  6000 | D:6      | Reached skill level 5 in Invocations
  6113 | D:6      | HP: 17/72 [orc warrior (6)]
  6532 | D:7      | Reached **** piety under Lugonu
  6687 | D:7      | Found a staircase to the Ecumenical Temple.
  6755 | D:7      | Reached skill level 8 in Slings
  6816 | D:7      | Found a huge runed translucent gate.
  6816 | D:7      | Found a huge runed translucent gate.
  6816 | D:7      | Found a huge runed translucent gate.
  6816 | D:7      | Found a huge runed translucent gate.
  6816 | D:7      | Noticed a manticore
  6816 | D:7      | Noticed a polar bear
  6816 | D:7      | Noticed a polar bear
  6816 | D:7      | Noticed a polar bear
  6816 | D:7      | Noticed a manticore
  6816 | D:7      | Noticed a polar bear
  6872 | D:7      | Reached skill level 8 in Fighting
  6891 | D:7      | Reached skill level 1 in Conjurations
  7053 | D:7      | Reached skill level 1 in Spellcasting
  7222 | D:7      | Found Heinwacu's Book Emporium.
  7229 | D:7      | Bought a book of Minor Magic for 252 gold pieces
  7229 | D:7      | You pick up a book of Minor Magic and begin reading...
  7229 | D:7      | You add the spells Magic Dart, Call Imp and Mephitic Cloud
                  | to your library.
  7233 | D:7      | Learned a level 3 spell: Mephitic Cloud
  7264 | D:7      | Reached XP level 10. HP: 76/80 MP: 14/14
  7625 | D:8      | Found a radiant altar of Vehumet.
  7625 | D:8      | Found an iron altar of Okawaru.
  7628 | D:8      | Found a bloodstained altar of Trog.
  7628 | D:8      | Found a burning altar of Makhleb.
  7629 | D:8      | Found a broken altar of Ashenzari.
  7629 | D:8      | Found a white marble altar of Elyvilon.
  7629 | D:8      | Found a hazy altar of Hepliaklqana.
  7674 | D:8      | You pick up a book of the Moon and begin reading...
  7674 | D:8      | You add the spells Passage of Golubria and Silence to your
                  | library.
  7707 | D:8      | Reached skill level 2 in Conjurations
  7707 | D:8      | Reached skill level 1 in Air Magic
  8020 | D:8      | Found an ornate altar of the Wu Jian Council.
  8040 | D:8      | You pick up a book of Changes and begin reading...
  8040 | D:8      | You add the spells Beastly Appendage, Wereblood and Spider
                  | Form to your library.
  8115 | D:8      | Reached skill level 6 in Invocations
  8332 | D:8      | Reached skill level 7 in Dodging
  8350 | D:8      | Reached skill level 2 in Air Magic
  9296 | D:9      | HP: 19/82 [gnoll sergeant (8)]
  9632 | D:9      | Reached skill level 3 in Conjurations
  9695 | D:9      | Reached skill level 1 in Poison Magic
  9741 | D:9      | Reached skill level 3 in Air Magic
  9749 | D:9      | Reached skill level 9 in Fighting
  9788 | D:9      | Reached skill level 2 in Poison Magic
  9797 | D:9      | HP: 9/83 [gnoll sergeant (17)]
 10476 | D:9      | Reached ***** piety under Lugonu
 10484 | D:9      | Reached skill level 1 in Polearms
 10624 | D:9      | Found a staircase to the Orcish Mines.
 10637 | D:9      | Reached skill level 4 in Air Magic
 10783 | D:10     | Entered Level 10 of the Dungeon
 10794 | D:10     | Found an opulent altar of Gozag.
 10812 | D:10     | Reached skill level 8 in Dodging
 10812 | D:10     | Reached skill level 3 in Poison Magic
 10812 | D:10     | Reached XP level 11. HP: 79/89 MP: 16/16
 10825 | D:10     | Reached skill level 2 in Polearms
 10851 | D:10     | Reached skill level 7 in Invocations
 11016 | D:10     | Noticed a two-headed ogre
 11017 | D:10     | Found a staircase to the Lair.
 11033 | D:10     | Killed a two-headed ogre
 11034 | D:10     | Reached skill level 3 in Polearms
 11472 | D:10     | Noticed a centaur warrior
 11484 | D:10     | Banished a centaur warrior
 11726 | D:10     | Noticed a two-headed ogre
 11742 | D:10     | Killed a two-headed ogre
 11743 | D:10     | Reached skill level 4 in Poison Magic
 11808 | D:10     | Reached skill level 4 in Polearms
 11855 | D:10     | Reached skill level 10 in Fighting
 12199 | D:10     | Identified the +2 cloak of the Saviour {rPois Dex+5 SInv}
 12849 | D:10     | Identified a scroll of acquirement
 12850 | D:10     | Acquired the ring of Mistrust {Wiz rElec rF+ Str-2}
 12869 | D:11     | Noticed Urug
 12881 | D:11     | Killed Urug
 12894 | D:11     | Reached skill level 1 in Shields
 13061 | D:11     | Reached skill level 5 in Polearms
 13298 | D:11     | Noticed Josephine
 13326 | D:11     | HP: 14/82 [Josephine/ghostly fireball (25)]
 13329 | D:11     | Banished Josephine
 13330 | D:11     | Reached skill level 9 in Dodging
 13330 | D:11     | Reached skill level 2 in Shields
 13330 | D:11     | Reached skill level 5 in Poison Magic
 13331 | D:11     | Gained mutation: You have a pair of small antennae on your
                  | head. [potion of mutation]
 13331 | D:11     | Gained mutation: You have hidden genetic defects. [potion
                  | of mutation]
 13331 | D:11     | Gained mutation: Your body sometimes deteriorates upon
                  | taking damage. [potion of mutation]
 13332 | D:11     | Lost mutation: You have a pair of small antennae on your
                  | head. [potion of mutation]
 13332 | D:11     | Lost mutation: Your body sometimes deteriorates upon taking
                  | damage. [potion of mutation]
 13332 | D:11     | Gained mutation: You are resistant to electric shocks.
                  | (rElec) [potion of mutation]
 13332 | D:11     | Gained mutation: Your magical capacity is low. (-10% MP)
                  | [potion of mutation]
 13332 | D:11     | Gained mutation: You are robust. (+10% HP) [potion of
                  | mutation]
 13334 | D:11     | HP: 13/98 [wraith[Josephine] (1)]
 13340 | D:11     | HP: 8/98 [wraith[Josephine] (1)]
 13342 | D:11     | Slain by a wraith

Vanquished Creatures
  3 two-headed ogres
  Urug (D:11)
  An ice statue (D:10)
  2 centaur zombies (D:11)
  A komodo dragon (D:10)
  3 trolls
  Sigmund (D:2)
  A wraith (D:11)
  2 wyverns
  3 yaks (D:10)
  A steam dragon (D:8)
  2 vampire mosquitoes (D:11)
  3 water moccasins
  2 sky beasts
  5 orc warriors
  4 ice beasts
  2 black bears
  10 ogres
  A necrophage (D:5)
  A centaur (D:8)
  7 kobold brigands
  Blork the orc (D:5)
  2 bullfrogs
  4 gnoll sergeants (D:9)
  A wyvern zombie (D:7)
  2 scorpions
  A water moccasin skeleton (D:7)
  3 killer bees (D:11)
  2 electric eels
  5 wights (D:7)
  4 howler monkeys
  2 bullfrog zombies (D:6)
  3 hounds
  2 jellies
  An orc priest (D:9)
  Crazy Yiuf (D:3)
  A bullfrog skeleton (D:6)
  A gnoll shaman (D:9)
  2 centaur skeletons
  Jessica (D:3)
  3 iguanas
  Natasha (thrice) (D:3)
  8 orc wizards
  A hound zombie (D:5)
  Robin (D:1)
  10 gnolls
  5 adders
  3 white imps
  An ufetubus (D:6)
  2 dart slugs
  A worm (D:3)
  18 orcs
  8 bats
  4 endoplasms
  5 giant cockroaches
  7 hobgoblins
  12 jackals
  22 kobolds
  5 quokkas
  4 ball pythons
  3 frilled lizards
  13 goblins
  4 rats
238 creatures vanquished.

Vanquished Creatures (others)
  8 fungi
  8 plants
16 creatures vanquished.

Grand Total: 254 creatures vanquished

Table legend:
 A = Non-vault XP
 B = Vault XP
 C = Vault XP percentage of total XP
 D = Non-vault monster count
 E = Vault monster count
 F = Vault count percentage of total count
                 A         B        C        D         E       F
            +---------+---------+-------+---------+---------+-------
      Total |    8836 |    8774 |  49.8 |     184 |      57 |  23.7
            +---------+---------+-------+---------+---------+-------
        D:1 |      39 |      16 |  29.1 |      14 |       1 |   6.7
        D:2 |      43 |     254 |  85.5 |      18 |       9 |  33.3
        D:3 |     121 |     114 |  48.5 |      27 |       3 |  10.0
        D:4 |     275 |       0 |   0.0 |      12 |       0 |   0.0
        D:5 |     517 |      94 |  15.4 |      16 |       1 |   5.9
        D:6 |    1560 |     431 |  21.6 |      15 |       7 |  31.8
        D:7 |    1318 |       0 |   0.0 |      28 |       0 |   0.0
        D:8 |     981 |     171 |  14.8 |      14 |       3 |  17.6
        D:9 |     972 |    2137 |  68.7 |      26 |      20 |  43.5
       D:10 |    1598 |    3641 |  69.5 |       7 |      10 |  58.8
       D:11 |    1412 |    1916 |  57.6 |       7 |       3 |  30.0
            +---------+---------+-------+---------+---------+-------

Illustrated notes

Table legend:
 A = Kills in this place as a percentage of kills in entire the game.
 B = Kills by you in this place as a percentage of kills by you in the entire game.
 C = Kills by friends in this place as a percentage of kills by friends in the entire game.
 D = Other kills in this place as a percentage of other kills in the entire game.
 E = Experience gained in this place as a percentage of experience gained in the entire game.
 F = Experience gained in this place divided by the number of levels of this place that you have seen.
                   A       B       C       D       E      F
               +-------+-------+-------+-------+-------+----------------------
         Total | 100.0 | 100.0 |   N/A | 100.0 | 100.0 | 1354.6
       Dungeon | 100.0 | 100.0 |   N/A | 100.0 | 100.0 | 1600.9
               +-------+-------+-------+-------+-------+----------------------

Table legend: (Time is in decaauts)
 A = Elapsed time spent in this place.
 B = Non-inter-level travel time spent in this place.
 C = Inter-level travel time spent in this place.
 D = Time resting spent in this place.
 E = Time spent auto-exploring this place.
 F = Levels seen in this place.
 G = Mean time per level.
                   A        B        C        D        E       F      G
               +--------+--------+--------+--------+--------+-----+--------+
         Total |  14627 |  13990 |    637 |   1044 |  10878 |  13 | 1125.2 |
       Dungeon |  14602 |  13965 |    637 |   1044 |  10875 |  11 | 1327.5 |
         Abyss |     25 |     25 |      0 |      0 |      2 |   2 |   12.5 |
               +--------+--------+--------+--------+--------+-----+--------+

Top non-repeatable levels by time:
    D:10: 2257 daAuts
     D:9: 1858 daAuts
     D:6: 1536 daAuts
     D:8: 1503 daAuts
     D:2: 1468 daAuts
     D:7: 1352 daAuts
     D:3: 1346 daAuts
     D:1: 1336 daAuts
     D:5: 879 daAuts
     D:4: 537 daAuts
    D:11: 526 daAuts
 Abyss:1: 16 daAuts
 Abyss:2: 9 daAuts
